TOP OF THE 1ST |
Toronto Blue Jays batting - Pitching for Chicago White Sox : LHP John Candelaria
|
Pitching: LHP John Candelaria
|
|
Batting: LHB Milt Thompson
|
0-0: Called Strike 0-1: Ball 1-1: Called Strike 1-2: Ball 2-2: SINGLE (Line Drive, 7S, EV 106.3 MPH)
|
Batting: RHB Jose Gonzalez
|
0-0: Ball 1-0: 2-RUN HOME RUN (Line Drive, 9LD, EV 102.5 MPH), Distance : 363 ft
|
Batting: LHB Sheldon Mallory
|
0-0: Ball 1-0: Called Strike 1-1: Ball 2-1: Fly out, F8 (Flyball, 8LS, EV 83.1 MPH)
|
Batting: RHB Hubie Brooks
|
0-0: Called Strike 0-1: Foul Ball, location: 2F 0-2: Ground out 5-3 (Groundball, 56S, EV 82.5 MPH)
|
Batting: RHB Juan Monasterio
|
0-0: Fly out, F8 (Line Drive, 8RM, EV 99.4 MPH)
|
Top of the 1st over - 2 runs, 2 hits, 0 errors, 0 left on base; Toronto 2 - Chicago 0 |
BOTTOM OF THE 1ST |
Chicago White Sox batting - Pitching for Toronto Blue Jays : RHP Ron Romanick
|
Pitching: RHP Ron Romanick
|
|
Batting: SHB Ozzie Smith
|
0-0: Ball 1-0: Called Strike 1-1: Ball 2-1: Ball 3-1: Foul Ball, location: 2F 3-2: SINGLE (Line Drive, 7S, EV 91.9 MPH)
|
Batting: LHB Rudy Law
|
0-0: Called Strike 0-1: Foul Ball, location: 2F 0-2: Foul Ball, location: 2F 0-2: Ball Wild Pitch! Ozzie Smith to second 1-2: Foul Ball, location: 2F 1-2: DOUBLE (Flyball, 8LXD, EV 109.4 MPH) Ozzie Smith scores
|
Batting: RHB Steve Henderson
|
0-0: Ball 1-0: Ball 2-0: Foul Ball, location: 2F 2-1: Foul Ball, location: 2F 2-2: Ball 3-2: Base on Balls
|
Batting: LHB Mitchell Page
|
0-0: Called Strike 0-1: SINGLE (Groundball, 4D, EV 110.0 MPH) Rudy Law to third Steve Henderson to second Runner from 3rd tries for Home, SAFE, throw by CF to home
|
Batting: RHB Mike Heath
|
0-0: Ball 1-0: Called Strike 1-1: SINGLE (Groundball, 6D, EV 99.4 MPH) Steve Henderson to third Mitchell Page to second Runner from 3rd tries for Home, SAFE, throw by LF to home
|
Batting: SHB Dwayne Taggart
|
0-0: Foul Ball, location: 2F 0-1: Foul Ball, location: 2F 0-2: Fly out, F7 (Flyball, 7S, EV 83.8 MPH)
|
Batting: RHB Tim Teufel
|
0-0: Ball 1-0: Foul Ball, location: 2F 1-1: Swinging Strike 1-2: Ground out 6-3 (Groundball, 6MD, EV 101.9 MPH) Mitchell Page to third Mike Heath to second
|
Batting: LHB Ryan MacFarland
|
0-0: Ball 1-0: Ball 2-0: SINGLE (Groundball, 4MD, EV 94.4 MPH) Mitchell Page scores Mike Heath to third Runner from 3rd tries for Home, SAFE, throw by CF to home Ryan MacFarland to second
|
Batting: LHB Steve Christmas
|
0-0: SINGLE (Groundball, 34D, EV 101.3 MPH) Ryan MacFarland to third Runner from 3rd tries for Home, SAFE, throw by RF to home
|
Pitching: RHP Armando Guzman
|
|
Batting: SHB Ozzie Smith
|
0-0: Ball Wild Pitch! Steve Christmas to second 1-0: Ground out 3-1 (Groundball, 34S, EV 78.1 MPH)
|
Bottom of the 1st over - 6 runs, 6 hits, 0 errors, 1 left on base; Toronto 2 - Chicago 6 |
TOP OF THE 2ND |
Toronto Blue Jays batting - Pitching for Chicago White Sox : LHP John Candelaria
|
Batting: RHB Andres Galarraga
|
0-0: SINGLE (Groundball, 6M, EV 103.8 MPH) (infield hit)
|
Batting: RHB Cal Ripken
|
0-0: Foul Ball, location: 2F 0-1: Swinging Strike 0-2: Ball 1-2: Ball 2-2: Foul Ball, location: 2F 2-2: Ball 3-2: 2-RUN HOME RUN (Flyball, 9LD, EV 105.0 MPH), Distance : 353 ft
|
Batting: RHB Fritzie Connally
|
0-0: Ball 1-0: Called Strike 1-1: Ball 2-1: Ball 3-1: Fly out, F7 (Flyball, 7S, EV 85.6 MPH)
|
Batting: RHB Jose Carrillo
|
0-0: Called Strike 0-1: Ball 1-1: Called Strike 1-2: Foul Ball, location: 2F 1-2: Foul Ball, location: 2F 1-2: Foul Ball, location: 2F 1-2: Ball 2-2: Ball 3-2: DOUBLE (Line Drive, 9LD, EV 108.1 MPH)
|
Batting: LHB Milt Thompson
|
0-0: Called Strike 0-1: Ball 1-1: Ball 2-1: Foul Ball, location: 2F 2-2: Foul Ball, location: 2F 2-2: Ball 3-2: SINGLE (Line Drive, 89S, EV 96.3 MPH) Jose Carrillo to third Runner from 3rd tries for Home, SAFE, throw by RF to home
|
Batting: RHB Jose Gonzalez
|
0-0: Ball 1-0: Ball 2-0: DOUBLE (Flyball, 7LD, EV 89.4 MPH) Milt Thompson to third Runner from 3rd tries for Home, SAFE, throw by LF to home
|
Pitching: RHP Bruce Kison
|
|
Batting: LHB Sheldon Mallory
|
0-0: Called Strike 0-1: Ball Wild Pitch! Jose Gonzalez to third 1-1: Called Strike 1-2: Ball 2-2: Foul Ball, location: 2F 2-2: Foul Ball, location: 2F 2-2: Ground out 5-3 (Groundball, 56, EV 103.8 MPH) Jose Gonzalez scores
|
Batting: RHB Hubie Brooks
|
0-0: Ball 1-0: Ground out 5-3 (Groundball, 56, EV 103.1 MPH)
|
Top of the 2nd over - 5 runs, 5 hits, 0 errors, 0 left on base; Toronto 7 - Chicago 6 |
BOTTOM OF THE 2ND |
Chicago White Sox batting - Pitching for Toronto Blue Jays : RHP Armando Guzman
|
Batting: LHB Rudy Law
|
0-0: Swinging Strike 0-1: Swinging Strike 0-2: Ball 1-2: Ground out 4-3 (Groundball, 34D, EV 105.0 MPH)
|
Batting: RHB Steve Henderson
|
0-0: Called Strike 0-1: Ball 1-1: Fly out, F5 (Line Drive, 5, EV 67.5 MPH)
|
Batting: LHB Mitchell Page
|
0-0: Ball 1-0: Foul Ball, location: 2F 1-1: Called Strike 1-2: Ball 2-2: Foul Ball, location: 2F 2-2: Ball 3-2: Foul Ball, location: 2F 3-2: Foul Ball, location: 2F 3-2: Strikes out swinging
|
Bottom of the 2nd over - 0 runs, 0 hits, 0 errors, 0 left on base; Toronto 7 - Chicago 6 |
TOP OF THE 3RD |
Toronto Blue Jays batting - Pitching for Chicago White Sox : RHP Bruce Kison
|
Batting: RHB Juan Monasterio
|
0-0: Ground out 4-3 (Groundball, 4, EV 83.1 MPH)
|
Batting: RHB Andres Galarraga
|
0-0: Foul Ball, location: 2F 0-1: Ball 1-1: Foul Ball, location: 2F 1-2: Ball 2-2: SOLO HOME RUN (Flyball, 7D, EV 103.1 MPH), Distance : 384 ft
|
Batting: RHB Cal Ripken
|
0-0: Foul Ball, location: 2F 0-1: Called Strike 0-2: Strikes out swinging
|
Batting: RHB Fritzie Connally
|
0-0: SINGLE (Groundball, 6MD, EV 102.5 MPH)
|
Batting: RHB Jose Carrillo
|
0-0: Ball 1-0: Swinging Strike 1-1: Ball 2-1: Foul Ball, location: 2F 2-2: Foul Ball, location: 2F 2-2: Fly out, F9 (Flyball, 9LS, EV 87.5 MPH)
|
Top of the 3rd over - 1 run, 2 hits, 0 errors, 1 left on base; Toronto 8 - Chicago 6 |
BOTTOM OF THE 3RD |
Chicago White Sox batting - Pitching for Toronto Blue Jays : RHP Armando Guzman
|
Batting: RHB Jim Wynn
|
0-0: Ball 1-0: Fly out, F9 (Flyball, 9, EV 89.4 MPH)
|
Batting: SHB Dwayne Taggart
|
0-0: Ball 1-0: Ball 2-0: Called Strike 2-1: DOUBLE (Flyball, 8LD, EV 98.1 MPH)
|
Batting: RHB Tim Teufel
|
0-0: Called Strike Dwayne Taggart steals 3rd base (no throw) 0-1: Swinging Strike 0-2: Strikes out swinging
|
Batting: LHB Ryan MacFarland
|
0-0: Ball 1-0: Foul Ball, location: 2F 1-1: SINGLE (Line Drive, 3D, EV 100.0 MPH) Dwayne Taggart scores
|
Batting: LHB Steve Christmas
|
0-0: Ball Pickoff Throw to First - Out! 1-3
|
Bottom of the 3rd over - 1 run, 2 hits, 0 errors, 0 left on base; Toronto 8 - Chicago 7 |
TOP OF THE 4TH |
Toronto Blue Jays batting - Pitching for Chicago White Sox : RHP Bruce Kison
|
Batting: LHB Milt Thompson
|
0-0: Ball 1-0: Foul Ball, location: 2F 1-1: Ball 2-1: Foul Ball, location: 2F 2-2: Foul Ball, location: 2F 2-2: Ground out 5-3 (Groundball, 6S, EV 81.3 MPH)
|
Batting: RHB Jose Gonzalez
|
0-0: SINGLE (Groundball, 25, EV 70.6 MPH) (infield hit)
|
Batting: LHB Sheldon Mallory
|
0-0: Called Strike 0-1: Ball 1-1: Called Strike Jose Gonzalez steals 2nd base 1-2: Ball 2-2: Ground out 3-1 (Groundball, 34S, EV 88.1 MPH) Jose Gonzalez to third
|
Batting: RHB Hubie Brooks
|
0-0: Foul Ball, location: 2F 0-1: Ball 1-1: Ball 2-1: Foul Ball, location: 2F 2-2: Reached on error, E6 (Groundball, 6, EV 79.4 MPH) Jose Gonzalez scores
|
Batting: RHB Juan Monasterio
|
0-0: Ball 1-0: Foul Ball, location: 2F 1-1: SINGLE (Line Drive, 9S, EV 113.1 MPH) Hubie Brooks to second Runner from 2nd tries for 3rd, SAFE, no throw by RF
|
Batting: RHB Andres Galarraga
|
0-0: Called Strike 0-1: Ball 1-1: Ball 2-1: Ground out 6-3 (Groundball, 6S, EV 87.5 MPH)
|
Top of the 4th over - 1 run, 2 hits, 1 error, 2 left on base; Toronto 9 - Chicago 7 |
BOTTOM OF THE 4TH |
Chicago White Sox batting - Pitching for Toronto Blue Jays : RHP Armando Guzman
|
Batting: LHB Steve Christmas
|
0-0: Called Strike 0-1: Ball 1-1: Ball 2-1: Fly out, F7 (Flyball, 78S, EV 88.8 MPH)
|
Batting: SHB Ozzie Smith
|
0-0: SINGLE (Groundball, 34S, EV 66.3 MPH) (infield hit)
|
Batting: LHB Rudy Law
|
0-0: Ball 1-0: Fly out, F8 (Flyball, 8RD, EV 106.9 MPH)
|
Batting: RHB Steve Henderson
|
0-0: Ball Ozzie Smith steals 2nd base 1-0: Fly out, F8 (Flyball, 89D, EV 96.9 MPH)
|
Bottom of the 4th over - 0 runs, 1 hit, 0 errors, 1 left on base; Toronto 9 - Chicago 7 |
TOP OF THE 5TH |
Toronto Blue Jays batting - Pitching for Chicago White Sox : RHP Bruce Kison
|
Batting: RHB Cal Ripken
|
0-0: Ball 1-0: Called Strike 1-1: Ground out 4-3 (Groundball, 4, EV 87.5 MPH)
|
Batting: RHB Fritzie Connally
|
0-0: Fly out, F7 (Flyball, 7, EV 86.3 MPH)
|
Batting: RHB Jose Carrillo
|
0-0: Ball 1-0: Ball 2-0: Ball 3-0: Base on Balls
|
Pitching: LHP Gary Christophel
|
|
Batting: LHB Milt Thompson
|
0-0: Called Strike 0-1: Swinging Strike 0-2: Strikes out swinging
|
Top of the 5th over - 0 runs, 0 hits, 0 errors, 1 left on base; Toronto 9 - Chicago 7 |
BOTTOM OF THE 5TH |
Chicago White Sox batting - Pitching for Toronto Blue Jays : RHP Armando Guzman
|
Batting: LHB Mitchell Page
|
0-0: Ball 1-0: Foul Ball, location: 2F 1-1: Ball 2-1: Ground out 4-3 (Groundball, 4, EV 79.4 MPH)
|
Batting: RHB Jim Wynn
|
0-0: Called Strike 0-1: Ball 1-1: Ball 2-1: Foul Ball, location: 2F 2-2: SOLO HOME RUN (Flyball, 78XD, EV 103.1 MPH), Distance : 396 ft
|
Batting: SHB Dwayne Taggart
|
0-0: Ball 1-0: Ball 2-0: Ball 3-0: Base on Balls
|
Batting: RHB Tim Teufel
|
0-0: Ball 1-0: Ball 2-0: Fly out, F8 (Flyball, 8RD, EV 92.5 MPH)
|
Pitching: RHP Dane Anthony
|
|
Batting: LHB Ryan MacFarland
|
0-0: Called Strike 0-1: Ball 1-1: Foul Ball, location: 2F 1-2: Foul Ball, location: 2F 1-2: Fielders Choice at 2nd, U6 (Groundball, 6M, EV 101.3 MPH)
|
Bottom of the 5th over - 1 run, 1 hit, 0 errors, 1 left on base; Toronto 9 - Chicago 8 |
TOP OF THE 6TH |
Toronto Blue Jays batting - Pitching for Chicago White Sox : LHP Gary Christophel
|
Batting: RHB Jose Gonzalez
|
0-0: Called Strike 0-1: Ball 1-1: Ball 2-1: Swinging Strike 2-2: Ball 3-2: Strikes out swinging
|
Batting: LHB Sheldon Mallory
|
0-0: Ball 1-0: Called Strike 1-1: Called Strike 1-2: Strikes out swinging
|
Batting: RHB Hubie Brooks
|
0-0: Called Strike 0-1: Foul Ball, location: 2F 0-2: Strikes out swinging
|
Top of the 6th over - 0 runs, 0 hits, 0 errors, 0 left on base; Toronto 9 - Chicago 8 |
BOTTOM OF THE 6TH |
Chicago White Sox batting - Pitching for Toronto Blue Jays : RHP Dane Anthony
|
Batting: LHB Steve Christmas
|
0-0: Fly out, F6 (Flyball, 56D, EV 85.0 MPH)
|
Batting: SHB Ozzie Smith
|
0-0: Ball 1-0: Swinging Strike 1-1: Ball 2-1: Foul Ball, location: 2F 2-2: Foul Ball, location: 2F 2-2: Ball 3-2: Fly out, F6 (Flyball, 56D, EV 88.8 MPH)
|
Batting: LHB Rudy Law
|
0-0: Called Strike 0-1: Fly out, F6 (Flyball, 6D, EV 86.3 MPH)
|
Bottom of the 6th over - 0 runs, 0 hits, 0 errors, 0 left on base; Toronto 9 - Chicago 8 |
TOP OF THE 7TH |
Toronto Blue Jays batting - Pitching for Chicago White Sox : LHP Gary Christophel
|
Batting: RHB Juan Monasterio
|
0-0: Ball 1-0: Swinging Strike 1-1: Ball 2-1: Ball 3-1: Swinging Strike 3-2: TRIPLE (Flyball, 9D, EV 105.6 MPH)
|
Batting: RHB Andres Galarraga
|
0-0: Foul Ball, location: 2F 0-1: Swinging Strike 0-2: Strikes out swinging
|
Batting: RHB Cal Ripken
|
0-0: Fly out, F8 (Flyball, 89D, EV 106.3 MPH) Runner from 3rd tags up, SCORES, throw by CF
|
Batting: RHB Fritzie Connally
|
0-0: Called Strike 0-1: Ground out 5-3 (Groundball, 56, EV 91.3 MPH)
|
Top of the 7th over - 1 run, 1 hit, 0 errors, 0 left on base; Toronto 10 - Chicago 8 |
BOTTOM OF THE 7TH |
Chicago White Sox batting - Pitching for Toronto Blue Jays : RHP Dane Anthony
|
Batting: RHB Steve Henderson
|
0-0: Called Strike 0-1: Ball 1-1: Ground out 4-3 (Groundball, 4, EV 99.4 MPH)
|
Batting: LHB Mitchell Page
|
0-0: Ball 1-0: Ball 2-0: Ball 3-0: Foul Ball, location: 2F 3-1: Foul Ball, location: 2F 3-2: Fly out, F6 (Flyball, 56D, EV 85.0 MPH)
|
Batting: RHB Jim Wynn
|
0-0: Ball 1-0: Foul Ball, location: 2F 1-1: Foul Ball, location: 2F 1-2: Foul Ball, location: 2F 1-2: Ball 2-2: Ball 3-2: Foul Ball, location: 2F 3-2: Fly out, F9 (Flyball, 9S, EV 82.5 MPH)
|
Bottom of the 7th over - 0 runs, 0 hits, 0 errors, 0 left on base; Toronto 10 - Chicago 8 |
TOP OF THE 8TH |
Toronto Blue Jays batting - Pitching for Chicago White Sox : LHP Gary Christophel
|
Batting: RHB Jose Carrillo
|
0-0: Ball 1-0: Foul Ball, location: 2F 1-1: Ball 2-1: Ball 3-1: SINGLE (Groundball, 56D, EV 101.3 MPH)
|
Batting: LHB Milt Thompson
|
0-0: Bunted foul 0-1: Bunted foul 0-2: Foul Ball, location: 2F 0-2: Ball 1-2: Fly out, F5 (Popup, 5SF, EV 41.3 MPH)
|
Batting: RHB Jose Gonzalez
|
0-0: Grounds into double play, 4-6-3 (Groundball, 4, EV 84.4 MPH)
|
Top of the 8th over - 0 runs, 1 hit, 0 errors, 0 left on base; Toronto 10 - Chicago 8 |
BOTTOM OF THE 8TH |
Chicago White Sox batting - Pitching for Toronto Blue Jays : RHP Dane Anthony
|
Batting: SHB Dwayne Taggart
|
0-0: Ground out 5-3 (Groundball, 56, EV 88.8 MPH)
|
Batting: RHB Tim Teufel
|
0-0: Ball 1-0: Ball 2-0: Ball 3-0: Called Strike 3-1: Base on Balls
|
Batting: LHB Ryan MacFarland
|
0-0: Fly out, F8 (Flyball, 8RM, EV 91.3 MPH)
|
Batting: LHB Steve Christmas
|
0-0: Foul Ball, location: 2F 0-1: Fly out, F7 (Flyball, 78D, EV 81.3 MPH)
|
Bottom of the 8th over - 0 runs, 0 hits, 0 errors, 1 left on base; Toronto 10 - Chicago 8 |
TOP OF THE 9TH |
Toronto Blue Jays batting - Pitching for Chicago White Sox : LHP Gary Christophel
|
Batting: LHB Sheldon Mallory
|
0-0: Ball 1-0: Ball 2-0: Called Strike 2-1: Foul Ball, location: 2F 2-2: SINGLE (Groundball, 4MD, EV 103.8 MPH)
|
Pitching: RHP Dickie Noles
|
|
Batting: RHB Hubie Brooks
|
0-0: Ball 1-0: Ball 2-0: Fly out, F9 (Flyball, 89S, EV 88.1 MPH)
|
Batting: RHB Juan Monasterio
|
0-0: Called Strike Sheldon Mallory steals 2nd base 0-1: Foul Ball, location: 2F 0-2: Strikes out swinging
|
Batting: RHB Andres Galarraga
|
0-0: Called Strike 0-1: Ball 1-1: Foul Ball, location: 2F 1-2: Ball 2-2: Strikes out swinging
|
Top of the 9th over - 0 runs, 1 hit, 0 errors, 1 left on base; Toronto 10 - Chicago 8 |
BOTTOM OF THE 9TH |
Chicago White Sox batting - Pitching for Toronto Blue Jays : RHP Dane Anthony
|
Batting: SHB Ozzie Smith
|
0-0: Ball 1-0: SINGLE (Groundball, 3D, EV 95.0 MPH)
|
Batting: LHB Rudy Law
|
0-0: Swinging Strike 0-1: SINGLE (Groundball, 6MD, EV 104.4 MPH) Ozzie Smith to second
|
Batting: RHB Steve Henderson
|
0-0: Called Strike 0-1: Fly out, F4 (Flyball, 4D, EV 88.8 MPH)
|
Pitching: RHP Juan Gutierrez
|
|
Batting: LHB Mitchell Page
|
0-0: Ball
|
|
|